 Dungeon Crawl Stone Soup version 0.31-a0-165-g3f4f80340b (webtiles) character file.

Game seed: 6008973876329796200

3582 qw the Skirmisher (level 10, -2/94 HPs)
             Began as a Naga Hunter on June 13, 2023.
             Was an Initiate of Okawaru.
             Slain by a two-headed ogre
             ... wielding a +0 giant club
              (25 damage)
             ... on level 9 of the Dungeon.
             The game lasted 00:03:05 (10145 turns).

qw the Skirmisher (Naga Hunter)                    Turns: 10145, Time: 00:03:06

Health: -2/94      AC:  8    Str: 14    XL:     10   Next: 10%
Magic:  10/10      EV: 11    Int:  9    God:    Okawaru [......]
Gold:   219        SH:  0    Dex: 19    Spells: 9/9 levels left

rFire   . . .        Y - +0 orcbow (freeze)
rCold   . . .        (shield currently unavailable)
rNeg    . . .        c - +0 leather armour
rPois   +            (no helmet)
rElec   .            a - +2 cloak
rCorr   .            (no gloves)
SInv    +            (no barding)
Will    +....        (no amulet)
Stlth   ++           (no ring)
HPRegen 0.35/turn    (no ring)
MPRegen 0.12/turn

%: no passive effects
@: very slow
A: AC +3, large, see invisible, deformed body, poison resistance, slowness 2,
spit poison 1, naga tail 1
a: Spit Poison, Renounce Religion


You were on level 9 of the Dungeon.
You worshipped Okawaru.
Okawaru was noncommittal.
You visited 2 branches of the dungeon, and saw 10 of its levels.

You collected 585 gold pieces.
You spent 366 gold pieces at shops.


Innate Abilities, Weirdness & Mutations

Your serpentine skin is tough. (AC +3)
You have supernaturally acute eyesight. (SInv)
Armour fits poorly on your strangely shaped body.
Your system is resistant to poisons. (rPois)
You cover ground very slowly.
You can spit poison.
You have a snake-like lower body.


   Skills:
 + Level 7.1 Fighting
 - Level 11.0 Ranged Weapons
 - Level 1.1 Armour
 - Level 4.1 Dodging
 - Level 1.5 Stealth


You had 9 spell levels left.
You didn't know any spells.
Your spell library was empty.

Inventory:

Hand Weapons
 Y - a +0 orcbow of freezing (weapon)
Armour
 a - a +2 cloak (worn)
 c - a +0 leather armour (worn)
Wands
 b - a wand of digging (6)
Scrolls
 g - 2 scrolls of teleportation
 i - 10 scrolls of identify
Potions
 d - 3 potions of haste
 e - 2 potions of curing
 f - a potion of might

Dungeon Overview and Level Annotations

Branches:
Dungeon (9/15)             Temple (1/1) D:6
   Lair: D:8-11         Orc: D:9-12

Altars:
Ashenzari
Cheibriados
Dithmenos
Elyvilon
Fedhas
Gozag
Hepliaklqana
Kikubaaqudgha
Makhleb
Nemelex Xobeh
Okawaru
Qazlal
Ru
Sif Muna
Trog
Uskayaw
Vehumet
Wu Jian
Xom
Yredelemnul
Zin
The Shining One

Shops:
D:6 ?   D:7 =

Annotations:
D:9 exclusion: 2 centaurs


Message History

The two-headed ogre is lightly wounded.
The kobold completely misses you.
A wraith comes into view.
The kobold brigand hits you but does no damage.
You shoot an arrow. The arrow hits the kobold brigand.
The arrow freezes the kobold brigand.
You kill the kobold brigand!
Okawaru accepts your kill.
You have got your breath back.
The kobold hits you but does no damage.
10140 ||| INVOKING Spit Poison.
Aiming: Spit Poison (1% risk of failure)
Press: ? - help, Shift-Dir - straight line, f - kobold The splash of poison hits the kobold!
The kobold is poisoned.
You kill the kobold!
Okawaru accepts your kill.
You shoot an arrow. The arrow hits the two-headed ogre.
The arrow freezes the two-headed ogre.
The two-headed ogre is lightly wounded.
You shoot an arrow.
The arrow barely misses the two-headed ogre.
The arrow closely misses the wraith.
The two-headed ogre hits you with a +0 giant club!
The two-headed ogre closely misses you.
You shoot an arrow. The arrow hits the two-headed ogre!
The arrow freezes the two-headed ogre.
The two-headed ogre is moderately wounded.
You shoot an arrow. The arrow hits the two-headed ogre!
The arrow freezes the two-headed ogre.
The two-headed ogre is heavily wounded.
The two-headed ogre hits you with a +0 giant club!!
The two-headed ogre barely misses you.
You shoot an arrow.
The arrow hits the two-headed ogre but does no damage.
The two-headed ogre is heavily wounded.
You have got your breath back.
The wraith barely misses you.
The two-headed ogre hits you with a +0 giant club!
The two-headed ogre hits you with a +0 giant club!!
You die...

########## #.....)..#
#........# #........#
. #........#
....#.W......####
.).)'.O@........###
....###...#..##...###
. .###...###.^^....#
...#.........^....
...'..............
...#.....^.^.^....
...#.............. .#
#..............
#...............


You could see a two-headed ogre and a wraith.

Vanquished Creatures
  Sigmund (D:2)
  5 yaks (D:8)
  A wraith (D:9)
  Menkaure (D:6)
  A black bear (D:2)
  2 orc warriors (D:8)
  A sky beast (D:7)
  3 centaurs
  2 kobold brigands
  4 scorpions
  A bullfrog (D:6)
  2 killer bees (D:9)
  3 howler monkeys (D:7)
  4 hounds
  7 orc priests
  4 jellies
  2 gnoll boudas
  Jessica (D:2)
  5 iguanas
  6 orc wizards
  Terence (D:2)
  2 sleepcaps
  4 adders
  10 gnolls
  A shadow imp (D:6)
  2 white imps
  2 ufetubi
  A worm (D:1)
  5 dart slugs
  35 orcs
  4 endoplasms
  A giant cockroach (D:4)
  5 goblins
  10 hobgoblins
  7 jackals
  3 quokkas
  A ball python (D:1)
  7 bats
  4 frilled lizards
  12 kobolds
  9 rats
182 creatures vanquished.

Notes
Turn   | Place    | Note
-------+----------+-------------------------------------------
     0 | D:1      | qw the Naga Hunter began the quest for the Orb.
     0 | D:1      | Reached XP level 1. HP: 19/19 MP: 1/1
     0 | D:1      | 0 ||| qw: Version: 0.2-a-29-gc1b59c4
     0 | D:1      | 0 ||| qw: Game counter: 4658
     0 | D:1      | 0 ||| qw: Always use a shield: true
     0 | D:1      | 0 ||| qw: God list: Okawaru
     0 | D:1      | 0 ||| qw: Allow faded altars: false
     0 | D:1      | 0 ||| qw: Do Orc after D:15 true
     0 | D:1      | 0 ||| qw: Do second Lair branch before Depths: true
     0 | D:1      | 0 ||| qw: Lair rune preference: random
     0 | D:1      | 0 ||| qw: Plans: Normal
     0 | D:1      | 0 ||| PLANNING D:1-11
    69 | D:1      | 69 ||| INVOKING Spit Poison.
   104 | D:1      | 104 ||| INVOKING Spit Poison.
   133 | D:1      | 133 ||| INVOKING Spit Poison.
   155 | D:1      | 155 ||| INVOKING Spit Poison.
   157 | D:1      | Reached skill level 4 in Ranged Weapons
   157 | D:1      | Reached XP level 2. HP: 26/26 MP: 2/2
   214 | D:1      | 214 ||| INVOKING Spit Poison.
   294 | D:1      | 294 ||| INVOKING Spit Poison.
   353 | D:1      | 353 ||| INVOKING Spit Poison.
   561 | D:1      | 561 ||| INVOKING Spit Poison.
   585 | D:1      | 585 ||| INVOKING Spit Poison.
   627 | D:1      | 627 ||| INVOKING Spit Poison.
   886 | D:1      | 886 ||| INVOKING Spit Poison.
   948 | D:1      | 948 ||| READING scroll labelled YHO MENEASK.
   949 | D:1      | 949 ||| READING scroll labelled MOORAI SUORUKHLO.
   950 | D:1      | 950 ||| READING scroll labelled TOM BEIFIODYST.
   951 | D:1      | 951 ||| READING scroll labelled UDIUDD SIBEIQA.
   952 | D:1      | 952 ||| DROPPING scroll of butterflies.
   987 | D:2      | 987 ||| INVOKING Spit Poison.
   990 | D:2      | 990 ||| INVOKING Spit Poison.
   995 | D:2      | 995 ||| INVOKING Spit Poison.
   996 | D:2      | 996 ||| STAIRDANCE
  1001 | D:1      | 1001 ||| INVOKING Spit Poison.
  1002 | D:1      | Reached XP level 3. HP: 28/32 MP: 3/3
  1026 | D:2      | 1026 ||| INVOKING Spit Poison.
  1044 | D:2      | 1044 ||| INVOKING Spit Poison.
  1058 | D:2      | Noticed Terence
  1061 | D:2      | 1061 ||| INVOKING Spit Poison.
  1065 | D:2      | 1065 ||| INVOKING Spit Poison.
  1069 | D:2      | 1069 ||| INVOKING Spit Poison.
  1069 | D:2      | Killed Terence
  1141 | D:2      | 1141 ||| INVOKING Spit Poison.
  1144 | D:2      | 1144 ||| INVOKING Spit Poison.
  1149 | D:2      | 1149 ||| INVOKING Spit Poison.
  1154 | D:2      | Reached skill level 5 in Ranged Weapons
  1154 | D:2      | Reached XP level 4. HP: 24/39 MP: 4/4
  1213 | D:2      | 1213 ||| INVOKING Spit Poison.
  1295 | D:2      | 1295 ||| INVOKING Spit Poison.
  1346 | D:2      | Noticed Sigmund
  1349 | D:2      | 1349 ||| INVOKING Spit Poison.
  1352 | D:2      | 1352 ||| INVOKING Spit Poison.
  1355 | D:2      | 1355 ||| INVOKING Spit Poison.
  1355 | D:2      | Killed Sigmund
  1356 | D:2      | Reached XP level 5. HP: 41/51 MP: 5/5
  1356 | D:2      | Reached XP level 6. HP: 49/60 MP: 6/6
  1433 | D:2      | 1433 ||| INVOKING Spit Poison.
  1468 | D:2      | 1468 ||| INVOKING Spit Poison.
  1472 | D:2      | 1472 ||| INVOKING Spit Poison.
  1478 | D:2      | 1478 ||| INVOKING Spit Poison.
  1483 | D:2      | 1483 ||| INVOKING Spit Poison.
  1651 | D:2      | 1651 ||| INVOKING Spit Poison.
  1651 | D:2      | Noticed a black bear
  1658 | D:2      | 1658 ||| INVOKING Spit Poison.
  1664 | D:2      | 1664 ||| INVOKING Spit Poison.
  1665 | D:2      | Killed a black bear
  1978 | D:2      | Noticed Jessica
  1979 | D:2      | 1979 ||| INVOKING Spit Poison.
  1981 | D:2      | Killed Jessica
  1982 | D:2      | Reached skill level 6 in Ranged Weapons
  2101 | D:2      | 2101 ||| UPGRADING to +0 cloak.
  2106 | D:2      | 2106 ||| DRINKING 3 coppery potions.
  2107 | D:2      | 2107 ||| DRINKING 2 yellow potions.
  2161 | D:3      | 2161 ||| INVOKING Spit Poison.
  2171 | D:3      | 2171 ||| INVOKING Spit Poison.
  2175 | D:3      | 2175 ||| INVOKING Spit Poison.
  2179 | D:3      | 2179 ||| INVOKING Spit Poison.
  2207 | D:3      | 2207 ||| INVOKING Spit Poison.
  2268 | D:3      | 2268 ||| INVOKING Spit Poison.
  2271 | D:3      | Reached XP level 7. HP: 66/66 MP: 7/7
  2273 | D:3      | 2273 ||| INVOKING Spit Poison.
  2312 | D:3      | 2312 ||| INVOKING Spit Poison.
  2341 | D:3      | 2341 ||| INVOKING Spit Poison.
  2352 | D:3      | 2352 ||| INVOKING Spit Poison.
  2364 | D:3      | 2364 ||| INVOKING Spit Poison.
  2366 | D:3      | 2366 ||| Stepping ~*~*~tactically~*~*~ (outnumbered).
  2368 | D:3      | 2368 ||| INVOKING Spit Poison.
  2373 | D:3      | 2373 ||| INVOKING Spit Poison.
  2377 | D:3      | 2377 ||| INVOKING Spit Poison.
  2382 | D:3      | 2382 ||| INVOKING Spit Poison.
  2384 | D:3      | HP: 10/66 [gnoll/+0 halberd (11)]
  2385 | D:3      | 2385 ||| INVOKING Spit Poison.
  2639 | D:3      | 2639 ||| INVOKING Spit Poison.
  2680 | D:3      | 2680 ||| INVOKING Spit Poison.
  2698 | D:3      | 2698 ||| INVOKING Spit Poison.
  2703 | D:3      | 2703 ||| Stepping ~*~*~tactically~*~*~ (outnumbered).
  2704 | D:3      | 2704 ||| INVOKING Spit Poison.
  2711 | D:3      | 2711 ||| INVOKING Spit Poison.
  2779 | D:3      | 2779 ||| INVOKING Spit Poison.
  3029 | D:3      | 3029 ||| READING scroll labelled WEHOLUGODY.
  3030 | D:3      | 3030 ||| READING scroll labelled INE RIXAOHINUA.
  3031 | D:3      | 3031 ||| READING scroll labelled RENAACEBAPS.
  3061 | D:4      | 3061 ||| INVOKING Spit Poison.
  3063 | D:4      | 3063 ||| STAIRDANCE
  3088 | D:4      | 3088 ||| INVOKING Spit Poison.
  3090 | D:4      | 3090 ||| STAIRDANCE
  3092 | D:3      | 3092 ||| INVOKING Spit Poison.
  3195 | D:4      | 3195 ||| INVOKING Spit Poison.
  3244 | D:4      | 3244 ||| INVOKING Spit Poison.
  3250 | D:4      | 3250 ||| INVOKING Spit Poison.
  3257 | D:4      | 3257 ||| INVOKING Spit Poison.
  3258 | D:4      | Reached skill level 7 in Ranged Weapons
  3549 | D:4      | 3549 ||| INVOKING Spit Poison.
  3552 | D:4      | 3552 ||| INVOKING Spit Poison.
  3559 | D:4      | 3559 ||| INVOKING Spit Poison.
  3705 | D:4      | 3705 ||| INVOKING Spit Poison.
  3708 | D:4      | 3708 ||| INVOKING Spit Poison.
  3739 | D:4      | 3739 ||| INVOKING Spit Poison.
  3979 | D:4      | 3979 ||| INVOKING Spit Poison.
  4065 | D:4      | 4065 ||| INVOKING Spit Poison.
  4069 | D:4      | 4069 ||| INVOKING Spit Poison.
  4074 | D:4      | 4074 ||| INVOKING Spit Poison.
  4160 | D:4      | 4160 ||| SWAPPING to +0 orcbow.
  4161 | D:4      | 4161 ||| INVOKING Spit Poison.
  4166 | D:4      | 4166 ||| DROPPING +0 shortbow.
  4234 | D:4      | 4234 ||| INVOKING Spit Poison.
  4237 | D:4      | Reached XP level 8. HP: 72/73 MP: 8/8
  4440 | D:4      | 4440 ||| INVOKING Spit Poison.
  4600 | D:4      | 4600 ||| READING scroll labelled JAP ILURUCIDI.
  4601 | D:4      | 4601 ||| READING scroll labelled FULOPS VIERUE.
  4620 | D:5      | Entered Level 5 of the Dungeon
  4634 | D:5      | 4634 ||| INVOKING Spit Poison.
  4638 | D:5      | 4638 ||| INVOKING Spit Poison.
  4640 | D:5      | Reached skill level 8 in Ranged Weapons
  4682 | D:5      | 4682 ||| Stepping ~*~*~tactically~*~*~ (outnumbered).
  4684 | D:5      | 4684 ||| Stepping ~*~*~tactically~*~*~ (outnumbered).
  4685 | D:5      | 4685 ||| INVOKING Spit Poison.
  4688 | D:5      | 4688 ||| Stepping ~*~*~tactically~*~*~ (outnumbered).
  4690 | D:5      | 4690 ||| INVOKING Spit Poison.
  4695 | D:5      | 4695 ||| DRINKING 2 potions of curing.
  4695 | D:5      | 4695 ||| (to cure confusion)
  4696 | D:5      | 4696 ||| INVOKING Spit Poison.
  4722 | D:5      | 4722 ||| INVOKING Spit Poison.
  4743 | D:5      | 4743 ||| INVOKING Spit Poison.
  4809 | D:5      | 4809 ||| Stepping ~*~*~tactically~*~*~ (outnumbered).
  4813 | D:5      | 4813 ||| INVOKING Spit Poison.
  4817 | D:5      | 4817 ||| Stepping ~*~*~tactically~*~*~ (outnumbered).
  4819 | D:5      | 4819 ||| INVOKING Spit Poison.
  4822 | D:5      | 4822 ||| INVOKING Spit Poison.
  4828 | D:5      | 4828 ||| INVOKING Spit Poison.
  4834 | D:5      | 4834 ||| INVOKING Spit Poison.
  4994 | D:5      | 4994 ||| Stepping ~*~*~tactically~*~*~ (outnumbered).
  4996 | D:5      | 4996 ||| INVOKING Spit Poison.
  4997 | D:5      | 4997 ||| Stepping ~*~*~tactically~*~*~ (outnumbered).
  4999 | D:5      | 4999 ||| INVOKING Spit Poison.
  5094 | D:5      | 5094 ||| INVOKING Spit Poison.
  5097 | D:5      | 5097 ||| INVOKING Spit Poison.
  5146 | D:5      | 5146 ||| INVOKING Spit Poison.
  5222 | D:5      | 5222 ||| INVOKING Spit Poison.
  5227 | D:5      | 5227 ||| INVOKING Spit Poison.
  5233 | D:5      | 5233 ||| INVOKING Spit Poison.
  5324 | D:5      | Found a shadowy altar of Dithmenos.
  5325 | D:5      | Found a hazy altar of Hepliaklqana.
  5327 | D:5      | Found a snail-covered altar of Cheibriados.
  5380 | D:5      | 5380 ||| Stepping ~*~*~tactically~*~*~ (outnumbered).
  5382 | D:5      | 5382 ||| INVOKING Spit Poison.
  5388 | D:5      | 5388 ||| INVOKING Spit Poison.
  5416 | D:5      | 5416 ||| INVOKING Spit Poison.
  5446 | D:5      | 5446 ||| INVOKING Spit Poison.
  5450 | D:5      | Reached skill level 9 in Ranged Weapons
  5524 | D:5      | 5524 ||| READING scroll labelled ZUREPLO IXAUBB.
  5525 | D:5      | 5525 ||| READING 3 scrolls of identify.
  5525 | D:5      | 5525 ||| IDENTIFYING dark potion
  5526 | D:5      | 5526 ||| DROPPING potion of enlightenment.
  5566 | D:6      | 5566 ||| INVOKING Spit Poison.
  5572 | D:6      | Reached skill level 1 in Armour
  5655 | D:6      | Found a staircase to the Ecumenical Temple.
  5656 | D:6      | 5656 ||| PLANNING TEMPLE
  5665 | Temple   | Entered the Ecumenical Temple
  5665 | Temple   | Found a transporter.
  5665 | Temple   | Found a transporter.
  5667 | Temple   | Found a transporter.
  5667 | Temple   | Found a transporter.
  5677 | Temple   | 5677 ||| PLANNING D:1-11
  5692 | Temple   | 5692 ||| PLANNING OKAWARU WORSHIP
  5698 | Temple   | Became a worshipper of Warmaster Okawaru
  5698 | Temple   | 5698 ||| PLANNING D:1-11
  5752 | D:6      | Noticed Menkaure
  5761 | D:6      | Killed Menkaure
  5766 | D:6      | Found Rocarph's Magic Scroll Shoppe.
  5775 | D:6      | 5775 ||| BUYING scroll of brand weapon (114 gold).
  5775 | D:6      | Bought a scroll of brand weapon for 114 gold pieces
  5775 | D:6      | 5775 ||| BUYING scroll of enchant armour (90 gold).
  5775 | D:6      | Bought a scroll of enchant armour for 90 gold pieces
  5775 | D:6      | 5775 ||| BUYING scroll of enchant armour (90 gold).
  5775 | D:6      | Bought a scroll of enchant armour for 90 gold pieces
  5775 | D:6      | 5775 ||| BUYING scroll of identify (24 gold).
  5775 | D:6      | Bought a scroll of identify for 24 gold pieces
  5775 | D:6      | 5775 ||| BUYING scroll of identify (24 gold).
  5775 | D:6      | Bought a scroll of identify for 24 gold pieces
  5775 | D:6      | 5775 ||| BUYING scroll of identify (24 gold).
  5775 | D:6      | Bought a scroll of identify for 24 gold pieces
  5775 | D:6      | 5775 ||| READING scroll of brand weapon.
  5775 | D:6      | 5775 ||| BRANDING +0 orcbow.
  5776 | D:6      | 5776 ||| READING 2 scrolls of enchant armour.
  5776 | D:6      | 5776 ||| ENCHANTING +0 cloak.
  5777 | D:6      | 5777 ||| READING scroll of enchant armour.
  5777 | D:6      | 5777 ||| ENCHANTING +1 cloak.
  6086 | D:6      | 6086 ||| INVOKING Spit Poison.
  6091 | D:6      | Reached skill level 6 in Fighting
  6366 | D:6      | 6366 ||| INVOKING Spit Poison.
  6509 | D:7      | 6509 ||| INVOKING Spit Poison.
  6612 | D:7      | Reached XP level 9. HP: 71/82 MP: 9/9
  6676 | D:7      | 6676 ||| INVOKING Spit Poison.
  6692 | D:7      | 6692 ||| INVOKING Spit Poison.
  6703 | D:7      | 6703 ||| INVOKING Spit Poison.
  6707 | D:7      | Reached skill level 3 in Dodging
  6720 | D:7      | 6720 ||| INVOKING Spit Poison.
  6726 | D:7      | 6726 ||| INVOKING Spit Poison.
  6834 | D:7      | Found Roirem's Jewellery Boutique.
  6841 | D:7      | 6841 ||| SHOPLISTING +4 ring of slaying (780 gold, have
                  | 83).
  6841 | D:7      | 6841 ||| SHOPLISTING amulet of regeneration (300 gold, have
                  | 83).
  6841 | D:7      | 6841 ||| SHOPLISTING ring of Idealism {rF+ Int+3} (383
                  | gold, have 83).
  6841 | D:7      | 6841 ||| SHOPLISTING ring of ice (250 gold, have 83).
  6841 | D:7      | 6841 ||| SHOPLISTING ring of protection from cold (250
                  | gold, have 83).
  6841 | D:7      | 6841 ||| SHOPLISTING ring of willpower (250 gold, have 83).
  6883 | D:7      | 6883 ||| INVOKING Spit Poison.
  7032 | D:7      | 7032 ||| INVOKING Spit Poison.
  7037 | D:7      | 7037 ||| INVOKING Spit Poison.
  7232 | D:7      | 7232 ||| READING 7 scrolls of identify.
  7232 | D:7      | 7232 ||| IDENTIFYING brown potion
  7317 | D:8      | 7317 ||| INVOKING Spit Poison.
  7396 | D:8      | 7396 ||| INVOKING Spit Poison.
  7402 | D:8      | 7402 ||| INVOKING Spit Poison.
  7406 | D:8      | Reached skill level 10 in Ranged Weapons
  7409 | D:8      | 7409 ||| INVOKING Spit Poison.
  7416 | D:8      | 7416 ||| INVOKING Spit Poison.
  7421 | D:8      | Reached * piety under Okawaru
  7422 | D:8      | 7422 ||| INVOKING Heroism.
  7423 | D:8      | 7423 ||| INVOKING Spit Poison.
  7433 | D:8      | 7433 ||| INVOKING Spit Poison.
  7437 | D:8      | 7437 ||| INVOKING Spit Poison.
  7739 | D:8      | 7739 ||| INVOKING Spit Poison.
  7751 | D:8      | 7751 ||| INVOKING Spit Poison.
  7758 | D:8      | 7758 ||| INVOKING Spit Poison.
  7759 | D:8      | 7759 ||| INVOKING Heroism.
  8290 | D:9      | 8290 ||| FLEEEEING.
  8291 | D:9      | 8291 ||| FLEEEEING.
  8292 | D:9      | 8292 ||| STAIRDANCE
  8355 | D:9      | 8355 ||| STAIRDANCE
  8385 | D:9      | 8385 ||| STAIRDANCE
  8449 | D:9      | 8449 ||| STAIRDANCE
  8512 | D:9      | 8512 ||| STAIRDANCE
  8577 | D:9      | 8577 ||| STAIRDANCE
  8643 | D:9      | 8643 ||| STAIRDANCE
  8725 | D:9      | 8725 ||| STAIRDANCE
  8775 | D:9      | 8775 ||| STAIRDANCE
  8896 | D:9      | Reached skill level 11 in Ranged Weapons
  8897 | D:9      | 8897 ||| STAIRDANCE
  8931 | D:9      | 8931 ||| STAIRDANCE
  8994 | D:9      | 8994 ||| STAIRDANCE
  9076 | D:9      | 9076 ||| STAIRDANCE
  9176 | D:9      | 9176 ||| STAIRDANCE
  9256 | D:9      | 9256 ||| STAIRDANCE
  9359 | D:9      | 9359 ||| STAIRDANCE
  9435 | D:9      | 9435 ||| STAIRDANCE
  9544 | D:9      | 9544 ||| STAIRDANCE
  9571 | D:9      | 9571 ||| STAIRDANCE
  9636 | D:9      | 9636 ||| STAIRDANCE
  9742 | D:9      | HP: 21/86 [centaur/arrow (7)]
  9743 | D:9      | 9743 ||| READING 3 scrolls of teleportation.
  9743 | D:9      | HP: 8/86 [centaur/arrow (13)]
  9743 | D:9      | HP: 1/86 [centaur/arrow (3)]
 10029 | D:9      | Reached XP level 10. HP: 79/94 MP: 10/10
 10083 | D:9      | 10083 ||| INVOKING Spit Poison.
 10089 | D:9      | 10089 ||| INVOKING Spit Poison.
 10126 | D:9      | 10126 ||| DRINKING 3 potions of curing.
 10126 | D:9      | 10126 ||| (to cure confusion)
 10127 | D:9      | 10127 ||| INVOKING Spit Poison.
 10133 | D:9      | 10133 ||| INVOKING Spit Poison.
 10135 | D:9      | Noticed a two-headed ogre
 10140 | D:9      | 10140 ||| INVOKING Spit Poison.
 10145 | D:9      | HP: 23/94 [two-headed ogre/+0 giant club (7)]
 10145 | D:9      | Slain by a two-headed ogre

Levels and vault maps discovered:
D:1:      minmay_arrival_doors, layout_basic, serial_forest,
          infiniplex_forest_straight_5, infiniplex_forest_lined_corner,
          infiniplex_forest_lined_3_way, infiniplex_forest_clump_double,
          infiniplex_forest_3_way, infiniplex_forest_clump_small,
          infiniplex_forest_corner_2, infiniplex_forest_clump_curved,
          wad_floor_pattern_untrapped
D:2:      layout_basic, uniq_terence, uniq_sigmund, uniq_jessica
D:3:      layout_basic, shapermc_ecumenical_altar_petra
D:4:      layout_layer_cave
D:5:      layout_rooms, grunt_temple_overflow_open, roderic_lattice_a
D:6:      wander_river, layout_basic, minmay_temple_entry_trees, serial_shops,
          nicolae_shop_crystal, uniq_menkaure
D:7:      layout_loops_ring, serial_shops, nicolae_shop_behind_doors,
          chequers_jeans
D:8:      layout_cave_pods, serial_bayou_pond_e
D:9:      layout_gridville, minmay_holes, minivault_25_ag, centaur_isle
Temple:   hellmonk_temple_divided_pantheon

Skill      XL: |  1  2  3  4  5  6  7  8  9 10 |
---------------+-------------------------------+-----
Ranged Weapons | 4 5 6 7 9 11 | 11.0
Fighting       | 4 6 7 |  7.1
Dodging        | 2 3 4 |  4.1
Armour         | 1 |  1.1
Stealth        | |  1.5

Action                     |  1- 3 |  4- 6 |  7- 9 | 10-12 || total
---------------------------+-------+-------+-------+-------++-------
   Fire: Shortbow          |    60 |    61 |    94 |       ||   215
         Orcbow            |       |       |   267 |    25 ||   292
 Invoke: Heroism           |       |       |     2 |       ||     2
Ability: Spit Poison       |    23 |    20 |    83 |     5 ||   131
    Use: Scroll            |     4 |       |    12 |       ||    16
         Potion            |       |     2 |     1 |     1 ||     4
 Armour: Leather armour    |     6 |    10 |    41 |     8 ||    65
  Dodge: Dodged            |    16 |    21 |   155 |    12 ||   204

Table legend:
 A = Non-vault XP
 B = Vault XP
 C = Vault XP percentage of total XP
 D = Non-vault monster count
 E = Vault monster count
 F = Vault count percentage of total count
                 A         B        C        D         E       F
            +---------+---------+-------+---------+---------+-------
      Total |    4529 |     589 |  11.5 |     177 |       5 |   2.7
            +---------+---------+-------+---------+---------+-------
        D:1 |      31 |       0 |   0.0 |      16 |       0 |   0.0
        D:2 |     227 |     312 |  57.9 |      26 |       3 |  10.3
        D:3 |     255 |       0 |   0.0 |      30 |       0 |   0.0
        D:4 |     479 |       0 |   0.0 |      19 |       0 |   0.0
        D:5 |     595 |       0 |   0.0 |      26 |       0 |   0.0
        D:6 |     231 |     165 |  41.7 |       8 |       1 |  11.1
        D:7 |     564 |       0 |   0.0 |      17 |       0 |   0.0
        D:8 |    1610 |       0 |   0.0 |      26 |       0 |   0.0
        D:9 |     537 |     112 |  17.3 |       9 |       1 |  10.0
            +---------+---------+-------+---------+---------+-------
